 Dungeon Crawl Stone Soup version 0.26.1-11-gd32895ea62 (webtiles) character file.

Game seed: 2383357389664234327

57 Zeld the Sneak (level 4, -4/29 HPs)
             Began as an Octopode Brigand on May 14, 2021.
             Killed from afar by Sigmund (11 damage)
             ... with a puff of flame
             ... on level 2 of the Dungeon.
             The game lasted 00:01:33 (1220 turns).

Zeld the Sneak (Octopode Brigand)                   Turns: 1220, Time: 00:01:34

Health: -4/29      AC:  1    Str: 11    XL:     4   Next: 0%
Magic:  6/6        EV: 13    Int: 13    God:
Gold:   62         SH:  0    Dex: 13    Spells: 6/6 levels left

rFire    . . .     SeeInvis .   a - +2 dagger
rCold    . . .     Faith    .   (no shield)
rNeg     . . .     Spirit   .   (helmet restricted)
rPois    .         Reflect  .   (no amulet)
rElec    .         Harm     .   (no ring)
rCorr    .         Rampage  .   (no ring)
Will     .....                  (no ring)
Stlth    ++++......             (no ring)
HPRegen  0.09/turn              (no ring)
MPRegen  0.10/turn              (no ring)
                                (no ring)
                                (no ring)

@: lethally poisoned (-4 -> -10)
A: almost no armour, stealthy swim, amphibious, 8 rings, constrict 8, camouflage
1, gelatinous body 1
a: no special abilities


You were on level 2 of the Dungeon.
You visited 1 branch of the dungeon, and saw 2 of its levels.

You collected 62 gold pieces.

Inventory:

Hand Weapons
 a - a +2 dagger (weapon)
 j - a +1 antimagic dagger
Missiles
 b - 4 poisoned darts (quivered)
 c - 2 curare-tipped darts
Scrolls
 d - a scroll of immolation {unknown}
 f - 2 scrolls of identify {unknown}
 g - a scroll of blinking {unknown}
 h - 2 scrolls of teleportation {unknown}
 i - a scroll of remove curse {unknown}
Potions
 e - a potion of cancellation {unknown}


   Skills:
 - Level 2.0 Fighting
 * Level 3.6 Short Blades
 - Level 2.0 Throwing
 - Level 1.0 Dodging
 - Level 5.3 Stealth
 + Level 1.5 Spellcasting


You had 6 spell levels left.
You didn't know any spells.
Your spell library was empty.

Dungeon Overview and Level Annotations

Branches:
Dungeon (2/15)

Altars:
Trog
Yredelemnul

Annotations:
D:2 Sigmund


Innate Abilities, Weirdness & Mutations

You cannot wear most types of armour.
You are very stealthy in the water. (Stealth+)
You are amphibious.
You can wear up to eight rings at the same time.
You can use your tentacles to constrict eight enemies at once.
Your skin changes colour to match your surroundings (Stealth+).
Your rubbery body absorbs attacks. (AC +1, EV +1)


Message History

Aim: Sigmund, wielding a +3 scythe of venom and wearing a +0 robe (55% to hit)
You throw a poisoned dart. The poisoned dart hits Sigmund.
Sigmund is poisoned.
Sigmund points at you and mumbles some strange words.
You are confused.
Sigmund hits you with a +3 scythe of venom.
You are poisoned.
You feel sick.
You feel sick.
You feel sick.
Sigmund looks more healthy.
You bump into the rock wall.
You feel sick. Sigmund completely misses you.
You feel less confused.
You feel sick. Sigmund casts a spell at you. The puff of flame hits you!
* * * LOW HITPOINT WARNING * * *
* * * LOW HITPOINT WARNING * * *
You feel sick. Sigmund gestures at you while chanting.
The puff of flame hits you!
You die...

##### ..... ...... ####......
#......... #.@^.##....
####.....#.... #......_......
#....#.....##.########
##########@...##....##........#
.(.(..(.............##........#
#########........#####........#
+.....†..#####...>.>...
#....###.#...........#.


You could see Sigmund.

Vanquished Creatures
  2 adders (D:2)
  2 dart slugs
  4 bats
  5 giant cockroaches
  7 goblins
  A hobgoblin (D:1)
  3 kobolds (D:1)
  2 ball pythons
  2 frilled lizards (D:1)
  10 rats
38 creatures vanquished.

Notes
Turn   | Place    | Note
-------+----------+-------------------------------------------
     0 | D:1      | Zeld the Octopode Brigand began the quest for the Orb.
     0 | D:1      | Reached XP level 1. HP: 14/14 MP: 1/1
    66 | D:1      | Reached XP level 2. HP: 19/19 MP: 2/2
   287 | D:1      | Reached skill level 1 in Spellcasting
   378 | D:1      | Reached XP level 3. HP: 24/24 MP: 4/4
   526 | D:2      | Found a bloodstained altar of Trog.
  1192 | D:2      | Found a basalt altar of Yredelemnul.
  1200 | D:2      | Reached XP level 4. HP: 29/29 MP: 6/6
  1206 | D:2      | Noticed Sigmund
  1220 | D:2      | Killed from afar by Sigmund

Illustrated notes

Levels and vault maps discovered:
D:1:      onia_arrival_pyramid, layout_rooms
D:2:      layout_basic, nicolae_overflow_crystal_walls, grunt_qazlal_sundering,
          st_stairs_5, trog_book, uniq_sigmund

Skill      XL: |  1  2 |
---------------+-------+-----
Spellcasting   | 1 |  1.5
Short Blades   | 3 |  3.6
Fighting       | |  2.0
Throwing       | |  2.0
Dodging        | |  1.0
Stealth        | |  5.3

Action                   |  1- 3 |  4- 6 || total
-------------------------+-------+-------++-------
Melee: Dagger            |    56 |       ||    56
       Constrict         |    12 |       ||    12
       Tentacles         |     5 |       ||     5
Throw: Dart              |       |     4 ||     4
 Stab: Sleeping          |    19 |       ||    19
Armor: Skin              |     3 |       ||     3
Dodge: Dodged            |    20 |     1 ||    21
